 Dungeon Crawl Stone Soup version 0.19.1 (webtiles) character file.

352070 Krapule the Peltast (level 21, -1/168 HPs)
             Began as a Mummy Fighter on Dec 18, 2016.
             Was an Initiate of Gozag.
             Killed from afar by a deep elf sorcerer (37 damage)
             ... with damnation
             ... on level 3 of the Elven Halls on Dec 20, 2016.
             The game lasted 07:02:09 (68666 turns).

Krapule the Peltast (Mummy Fighter)                Turns: 68666, Time: 07:02:19

Health: -1/168     AC: 17    Str: 26    XL:     21   Next: 30%
Magic:  0/33       EV: 19    Int: 20    God:    Gozag
Gold:   6518       SH: 15    Dex: 19    Spells: 5 memorised, 13 levels left

rFire  x . .     SeeInvis +     a - +2 demon trident (venom)
rCold  + . .     Gourm    .     u - +1 ring mail "Nucois" {rN+ MR+ rCorr Int+3}
rNeg   + + +     Faith    .     c - +0 shield
rPois  ∞         Spirit   +     P - +2 hat of the Bear Spirit {Spirit, +Rage rN+ MR++}
rElec  .         Reflect  .     p - +2 cloak {MR+}
rCorr  +         Harm     .     e - +1 pair of gloves
MR     +++++                    d - +2 pair of boots {run}
Stlth  ++........               y - amulet of regeneration
                                n - ring "Voseiqae" {rF+ rN+ Int+3 Dex+5 Stlth+}
                                L - ring of Secrets {rCorr rF- MR- Str+6 SInv}

@: about to teleport, corroded, gold aura, quick
A: no food or potions, fire vulnerability, cold resistance 1, negative energy
resistance 3, torment resistance, unbreathing, in touch with death 1
a: Potion Petition, Call Merchant, Bribe Branch, Renounce Religion
}: 2/15 runes: serpentine, barnacled


You were on level 3 of the Elven Halls.
You worshipped Gozag.
Gozag was greatly pleased with you.
You were not hungry.

You visited 8 branches of the dungeon, and saw 36 of its levels.
You also visited: Labyrinth, Sewer, Bailey, Ice Cave and Wizlab.

You collected 18565 gold pieces.
You spent 5175 gold pieces at shops.
You paid 6872 gold pieces to Gozag.

Inventory:

Hand Weapons
 a - a +2 demon trident of venom (weapon)
 b - a +2 demon trident of flaming
 C - a +1 demon trident of draining
Missiles
 l - 15 javelins of returning (quivered)
Armour
 c - a +0 shield (worn)
 d - a +2 pair of boots of running (worn)
 e - a +1 pair of gloves (worn)
 g - the +0 leather armour "Jeublec" {rElec rPois MR+ Dex-2}
   (You bought it in a shop on level 1 of the Lair of Beasts)

   It affects your dexterity (-2).
   It insulates you from electricity.
   It protects you from poison.
   It affects your resistance to hostile enchantments.
 p - a +2 cloak of magic resistance (worn)
 u - the +1 ring mail "Nucois" (worn) {rN+ MR+ rCorr Int+3}
   (You bought it in a shop on level 1 of the Lair of Beasts)

   It affects your intelligence (+3).
   It protects you from negative energy.
   It affects your resistance to hostile enchantments.
   It protects you from acid and corrosion.
 z - the +0 pair of boots of Trog's Fury {Str-3 Int+7 SInv}
   (You bought it in a shop on level 1 of the Lair of Beasts)

   It affects your strength (-3).
   It affects your intelligence (+7).
   It lets you see invisible.
 J - a +2 pair of boots
 K - +1 fire dragon scales
 P - the +2 hat of the Bear Spirit (worn) {Spirit, +Rage rN+ MR++}
   (You bought it in a shop on level 1 of the Orcish Mines)

   It protects you from negative energy.
   It affects your resistance to hostile enchantments.
   It lets you go berserk.
Jewellery
 n - the ring "Voseiqae" (right hand) {rF+ rN+ Int+3 Dex+5 Stlth+}
   (You bought it in a shop on level 4 of the Dungeon)

   [ring of protection from fire]

   It affects your intelligence (+3).
   It affects your dexterity (+5).
   It protects you from fire.
   It protects you from negative energy.
   It makes you more stealthy.
 v - the ring "Japsucuc" {rElec Slay+2 Stlth+}
   (You bought it in a shop on level 1 of the Orcish Mines)

   [ring of stealth]

   It affects your accuracy and damage with ranged weapons and melee attacks
   (+2).
   It insulates you from electricity.
   It makes you more stealthy.
 y - an amulet of regeneration (around neck)
 B - a +4 ring of dexterity
 D - an uncursed ring of magical power
 F - an uncursed ring of protection from cold
 L - the ring of Secrets (left hand) {rCorr rF- MR- Str+6 SInv}
   (You found it in a labyrinth)

   [ring of resist corrosion]

   It affects your strength (+6).
   It makes you vulnerable to fire.
   It affects your resistance to hostile enchantments.
   It lets you see invisible.
 M - an uncursed ring of protection from fire
 R - a cursed ring of teleportation
Wands
 j - a wand of acid (6/15)
 m - a wand of iceblast (2/15)
 t - a wand of disintegration (1/24)
 w - a wand of heal wounds (2/9)
 A - a wand of disintegration (10/24)
 H - a wand of teleportation (3/9)
 O - a wand of digging (12/24)
 Y - a wand of lightning (6/15)
 Z - a wand of iceblast (10/15)
Scrolls
 h - 9 scrolls of remove curse
 k - 5 scrolls of fog
 q - 5 scrolls of amnesia
 r - 10 scrolls of immolation
 s - 10 scrolls of identify
 x - 4 scrolls of recharging
 E - 6 scrolls of enchant armour
 N - 4 scrolls of fear
 T - 2 scrolls of enchant weapon
 U - 2 scrolls of magic mapping
 W - 7 scrolls of teleportation
Books
 f - a Grand Grimoire

   Spells                             Type                      Level
   a - Monstrous Menagerie            Summoning                    7
   b - Summon Greater Demon           Summoning                    7
   c - Malign Gateway                 Summoning/Translocation      7
   d - Summon Horrible Things         Summoning                    8
 i - a book of the Tempests

   Spells                             Type                      Level
   a - Static Discharge               Conjuration/Air              3
   b - Lightning Bolt                 Conjuration/Air              5
   c - Fireball                       Conjuration/Fire             5
   d - Tornado                        Air                          9
   e - Shatter                        Earth                        9
 I - Vehumet's Compendium of the Land of Plenty
   (You found it on level 1 of the Elven Halls)

   Spells                             Type                      Level
   a - Shock                          Conjuration/Air              1
   b - Dazzling Spray                 Conjuration/Hexes            3
   c - Force Lance                    Conjuration/Translocation    4
   d - Bolt of Magma                  Conjuration/Fire/Earth       5
 Q - a book of Party Tricks

   Spells                             Type                      Level
   a - Summon Butterflies             Summoning                    1
   b - Apportation                    Translocation                1
   c - Lesser Beckoning               Translocation                3
   d - Tukima's Dance                 Hexes                        3
   e - Alistair's Intoxication        Transmutation/Poison         5
   f - Invisibility                   Hexes                        6
 S - Efosch's Papyrus of Unstable Confrontation
   (You found it in a wizard's laboratory)

   Spells                             Type                      Level
   a - Flame Tongue                   Conjuration/Fire             1
   b - Sting                          Conjuration/Poison           1
   c - Irradiate                      Conjuration/Transmutation    5
   d - Bolt of Fire                   Conjuration/Fire             6
   e - Orb of Destruction             Conjuration                  7
 V - a book of Summonings

   Spells                             Type                      Level
   a - Recall                         Summoning/Translocation      3
   b - Aura of Abjuration             Summoning                    5
   c - Summon Demon                   Summoning                    5
   d - Summon Forest                  Summoning/Translocation      5
   e - Summon Mana Viper              Hexes/Summoning              5
   f - Shadow Creatures               Summoning                    6
 X - a Young Poisoner's Handbook

   Spells                             Type                      Level
   a - Sting                          Conjuration/Poison           1
   b - Mephitic Cloud                 Conjuration/Poison/Air       3
   c - Olgreb's Toxic Radiance        Poison                       4
   d - Alistair's Intoxication        Transmutation/Poison         5
   e - Venom Bolt                     Conjuration/Poison           5
Miscellaneous
 o - a crystal ball of energy
 G - a box of beasts


   Skills:
 + Level 15.2 Fighting
 + Level 13.8 Polearms
 - Level 14.0 Armour
 - Level 10.0 Dodging
 - Level 16.0 Shields
 - Level 8.0 Spellcasting
 - Level 8.0 Hexes
 - Level 8.0 Charms
 + Level 10.3 Summonings
 - Level 5.0 Air Magic


You had 13 spell levels left.
You knew the following spells:

 Your Spells              Type           Power        Failure   Level  Hunger
a - Spectral Weapon       Hex/Chrm       #####...     1%          3    N/A
e - Summon Mana Viper     Hex/Summ       #####...     10%         5    N/A
q - Aura of Abjuration    Summ           #####.....   6%          5    N/A
r - Shadow Creatures      Summ           N/A          28%         6    N/A
z - Summon Lightning Spi  Summ/Air       #####...     6%          4    N/A

Dungeon Overview and Level Annotations

Branches:
Dungeon (13/15)            Temple (1/1) D:4            Lair (6/6) D:10
 Shoals (4/4) Lair:2        Snake (4/4) Lair:4        Slime (0/5) Lair:5
    Orc (2/2) D:11            Elf (3/3) Orc:2        Vaults (3/5) D:13
  Crypt: Vaults:2-3

Altars:
Cheibriados
Dithmenos
Gozag
Kikubaaqudgha
Makhleb
Nemelex Xobeh
Okawaru
Ru
Sif Muna
Trog
Uskayaw
Xom
Zin
The Shining One
Beogh
Jiyva

Shops:
D:4 =   D:6 =   D:9 %   D:13 (   Orc:1 =[[[   Orc:2 }=[(   Elf:2 [
Lair:1 ([[[(:

Annotations:
D:10 Sonja
Vaults:1 Milesaru's ghost, adept MiFi
Vaults:2 Mennas
Vaults:3 Xtahua


Innate Abilities, Weirdness & Mutations

You do not eat or drink.
Your flesh is vulnerable to fire.
You are immune to poison.
Your flesh is cold resistant. (rC+)
You are immune to negative energy. (rN+++)
You are immune to unholy pain and torment.
You can survive without breathing.
You are in touch with the powers of death.


Message History

You see here an arrow.
Evoke which item? (* to show all) (? for menu, Esc to quit)
Zapping:
w - a wand of heal wounds (3/9)
Press: ? - help, Shift-Dir - straight line, f - you You feel much better.
This wand has 2 charges left.
The deep elf master archer is no longer distracted by gold.
The deep elf sorcerer hits you but does no damage.
The deep elf master archer shoots an arrow.
You block the arrow.
The deep elf sorcerer hits you with a rapier.
* * * LOW HITPOINT WARNING * * *
You see here an arrow.
The deep elf elementalist points at you and mumbles some strange words.
The freezing blast hits you!
The deep elf master archer shoots an arrow.
The arrow misses you.
The deep elf sorcerer gestures at you while chanting.
The sphere of damnation explodes!
The damnation engulfs you!
You die...
Your body crumbles into a pile of gold.

..#.## #.# ####.## #.#
##.## #.# ##.## #.#
##.## #.# ##e## #.#
##.## #.# ##.#####'###
##e##..@..## #
##'...(...## #
##....e....##
###########....(......#
.'........'...e.......#
.##########(ee........#
..# ###.e.........# ..#
#.#E....!...(.# ###
##$E)(........##


You could see 2 deep elf master archers, a deep elf annihilator, a deep elf
sorcerer, a deep elf elementalist and an earth elemental.

Vanquished Creatures
  An ancient lich (WizLab)
  Margery (Vaults:2)
  Nikola (Shoals:1)
  Jorgrun (Elf:3)
  An Ice Fiend (IceCv)
  3 deep elf blademasters
  The ghost of Scuka the Markscentaur, an adept CeHu of Okawaru (Elf:2)
  2 krakens
  A titan (Shoals:3)
  Frances (Elf:1)
  An ancient champion (WizLab)
  Kirke (D:13)
  The ghost of Iwannabefree the Fencer, an adept HESk of Elyvilon (Snake:4)
  9 nagarajas
  Ilsuiw (Shoals:4)
  A ghoul (Vaults:2)
  An orc warlord (Orc:2)
  4 vault wardens
  4 deep elf sorcerers
  A fire giant (Vaults:2)
  10 ironheart preservers
  2 deep elf elementalists
  5 stone giants
  A deep elf annihilator (Elf:3)
  A deep elf demonologist (Elf:2)
  3 deep elf death magi
  An ettin (Vaults:2)
  5 merfolk javelineers (Shoals:4)
  Josephine (Lair:4)
  A crystal guardian (Vaults:2)
  2 yaktaur captains (Vaults:2)
  7 merfolk impalers
  2 great orbs of eyes
  Fannar (Lair:3)
  3 merfolk avatars
  2 ice dragons (Vaults:3)
  4 vault guards
  12 hydras
  15 naga warriors
  4 catoblepae
  An alligator snapping turtle (Shoals:4)
  2 rakshasas (Vaults:3)
  3 satyrs
  2 death knights
  15 anacondas
  2 centaur warriors
  19 death yaks
  10 ogre magi
  5 merfolk aquamancers (Shoals:4)
  3 deep troll shamans
  3 orc high priests
  2 deep troll earth magi (Vaults:1)
  A satyr (shapeshifter) (Vaults:1)
  2 hell knights
  Urug (Lair:3)
  13 shock serpents
  20 naga sharpshooters
  14 deep elf knights
  5 salamander mystics (Snake:4)
  4 unseen horrors
  8 sea snakes
  A glowing orange brain (Vaults:1)
  A shadow wraith (Vaults:3)
  7 skeletal warriors
  16 deep trolls
  6 naga ritualists
  7 ironbrand convokers
  A wizard (Vaults:1)
  5 lindwurms
  11 deep elf archers
  19 harpies
  2 hill giants
  10 orc knights
  A sphinx zombie (Vaults:2)
  3 wolf spiders
  7 ugly things
  6 orc sorcerers
  4 mana vipers
  3 necromancers (Vaults:2)
  10 cyclopes
  8 manticores
  An oklob plant (Shoals:4)
  20 fauns
  56 deep elf magi
  3 salamanders
  31 elephants
  2 torpor snails
  9 sirens
  16 naga magi
  29 black mambas
  Psyche (D:8)
  9 guardian serpents
  2 gargoyles
  5 water nymphs
  An ice statue (IceCv)
  9 vault sentinels
  16 spiny frogs
  7 komodo dragons
  10 rime drakes
  6 freezing wraiths
  7 ice devils (IceCv)
  13 yaktaurs
  A golden dragon simulacrum (IceCv)
  A queen bee (Lair:1)
  An anaconda simulacrum (IceCv)
  35 merfolk
  5 wind drakes
  A tengu simulacrum (Vaults:1)
  5 trolls
  Grinder (D:3)
  6 hornets
  6 slime creatures
  15 two-headed ogres
  12 blink frogs
  11 snapping turtles
  14 hippogriffs
  A stone giant simulacrum (Vaults:3)
  A fire giant simulacrum (Vaults:1)
  21 dream sheep
  5 air elementals
  An ettin zombie (Vaults:2)
  5 dire elephant simulacra (IceCv)
  65 yaks
  3 shadows
  2 spriggans (Lair:1)
  4 vampires (WizLab)
  6 hill giant zombies (WizLab)
  8 wraiths
  A human (D:7)
  4 water elementals
  3 hungry ghosts
  4 wyverns
  2 fire elementals
  6 hogs
  6 basilisks
  8 wargs
  A death yak simulacrum (IceCv)
  3 mottled dragons
  4 harpy simulacra (IceCv)
  40 nagas
  3 iron troll simulacra (IceCv)
  11 water moccasins
  4 hydra simulacra (IceCv)
  A naga (shapeshifter) (Vaults:1)
  5 porcupines
  A hornet zombie (D:8)
  A swamp drake (Orc:2)
  5 ice beasts
  An eye of draining (D:9)
  4 phantoms
  46 orc warriors
  A black bear (D:6)
  3 sky beasts
  A human zombie (Vaults:2)
  An ettin simulacrum (IceCv)
  An alligator simulacrum (IceCv)
  A necrophage (D:6)
  4 wolves (Lair:1)
  44 ogres
  21 centaurs
  18 crocodiles
  A big kobold (shapeshifter) (Elf:3)
  A wyvern zombie (D:13)
  19 bullfrogs
  2 earth elementals (Elf:2)
  3 scorpions
  An elf simulacrum (Vaults:1)
  10 troll zombies
  39 killer bees
  5 wights (WizLab)
  An electric eel (Lair:5)
  2 howler monkeys (D:9)
  8 crimson imps
  3 centaur zombies
  2 jellies
  2 human simulacra (Vaults:2)
  A bullfrog zombie (D:7)
  7 draconian simulacra (IceCv)
  9 hounds
  24 orc priests
  A bullfrog skeleton (D:13)
  28 orc wizards
  2 centaur skeletons
  An iron imp (Orc:2)
  An iguana (D:10)
  A troll simulacrum (IceCv)
  14 worker ants
  2 killer bee zombies
  10 ogre zombies
  5 centaur simulacra (IceCv)
  A hound zombie (D:6)
  6 hound skeletons
  A worker ant zombie (D:3)
  Robin (D:3)
  10 gnolls
  A howler monkey skeleton (D:6)
  3 river rats
  15 adders
  A naga simulacrum (IceCv)
  2 ogre simulacra (IceCv)
  2 shadow imps
  5 white imps
  6 ufetubi (IceCv)
  2 oozes
  2 adder zombies (D:5)
  An adder skeleton (D:5)
  7 worms
  2 dart slugs
  5 leopard geckos
  146 orcs
  3 ball pythons
  9 giant cockroaches
  22 goblins
  10 hobgoblins
  12 jackals
  4 quokkas
  A ball python skeleton (D:4)
  7 bats
  7 frilled lizards
  A goblin skeleton (D:11)
  2 goblin zombies (D:11)
  3 hobgoblin skeletons (D:11)
  2 hobgoblin zombies (D:11)
  17 kobolds
  2 leopard gecko skeletons
  6 orc skeletons (D:11)
  11 orc zombies (D:11)
  A quokka skeleton (D:4)
  A quokka zombie (D:6)
  15 rats
  A plant (Shoals:4)
  7 tentacles
1698 creatures vanquished.

Vanquished Creatures (collateral kills)
  A deep elf master archer (Elf:3)
  An ancient champion (WizLab)
  Aizul (Snake:1)
  A frost giant (Vaults:3)
  A vault warden (Vaults:2)
  An ironheart preserver (Vaults:3)
  A deep elf death mage (Elf:3)
  2 dancing weapons (Elf:2)
  An orc knight (Vaults:1)
  A deep elf mage (Elf:1)
  An ugly thing (Vaults:1)
  A vault sentinel (Vaults:2)
  A yaktaur (Vaults:3)
  A water elemental (Elf:2)
  An ogre zombie (WizLab)
  A tentacle (Shoals:3)
17 creatures vanquished.

Vanquished Creatures (others)
  19 dancing weapons
  A deep elf knight (Elf:2)
  A harpy (Shoals:1)
  2 manticores (Shoals:1)
  A water elemental (Elf:3)
  2 ogres (Vaults:1)
  39 fungi
  25 plants
  127 spectral weapons
  16 tentacles
  4 toadstools (Lair:5)
237 creatures vanquished.

Grand Total: 1952 creatures vanquished

Notes
Turn   | Place    | Note
-------+----------+-------------------------------------------
     0 | D:1      | Krapule the Mummy Fighter began the quest for the Orb.
     0 | D:1      | Reached XP level 1. HP: 18/18 MP: 1/1
   494 | D:1      | Reached XP level 2. HP: 24/24 MP: 2/2
  1236 | D:2      | Reached XP level 3. HP: 29/29 MP: 3/3
  1658 | D:2      | Reached XP level 4. HP: 31/35 MP: 4/4
  1941 | D:2      | Reached skill level 3 in Shields
  2277 | D:3      | Reached XP level 5. HP: 39/41 MP: 5/5
  2296 | D:3      | Noticed Grinder
  2328 | D:3      | Paralysed by Grinder for 7 turns
  2351 | D:3      | Paralysed by Grinder for 5 turns
  2357 | D:3      | Killed Grinder
  2357 | D:3      | Reached skill level 1 in Dodging
  2357 | D:3      | Reached XP level 6. HP: 16/48 MP: 6/6
  3203 | D:3      | Noticed Robin
  3220 | D:3      | Killed Robin
  3547 | D:4      | Reached XP level 7. HP: 28/55 MP: 7/7
  3757 | D:4      | Reached skill level 4 in Shields
  4270 | D:4      | Found a staircase to the Ecumenical Temple.
  4282 | Temple   | Entered the Ecumenical Temple
  4298 | Temple   | Became a worshipper of Gozag Ym Sagoz the Greedy
  4582 | D:4      | Found a shadowy altar of Dithmenos.
  4824 | D:4      | Found Ynkihyh's Jewellery Shop.
  4936 | D:5      | Entered Level 5 of the Dungeon
  4949 | D:5      | Reached skill level 5 in Fighting
  5013 | D:5      | Found a glowing drain.
  5051 | Sewer    | Entered a sewer
  5595 | D:5      | Found a burning altar of Makhleb.
  5717 | D:5      | Reached XP level 8. HP: 62/62 MP: 8/8
  5731 | D:5      | Reached skill level 5 in Armour
  5801 | D:5      | Found a hide-covered altar of Uskayaw.
  6428 | D:6      | Reached skill level 5 in Shields
  6532 | D:6      | Found a snail-covered altar of Cheibriados.
  6577 | D:6      | Found Omaoxus's Jewellery Shop.
  6712 | D:4      | Bought the ring "Voseiqae" {rF+ rN+ Int+3 Dex+5 Stlth+} for 558 gold pieces
  7664 | D:7      | Got a twisted chain mail
  7675 | D:7      | Identified the cursed +1 chain mail "Calonome" {rF+} (You found it on level 7 of the Dungeon)
  7710 | D:7      | Reached XP level 9. HP: 64/71 MP: 9/9
  8656 | D:7      | Reached skill level 6 in Shields
  9533 | D:6      | Bought an uncursed amulet of regeneration for 390 gold pieces
  9624 | D:7      | Found a glowing golden altar of the Shining One.
  9681 | D:7      | Reached XP level 10. HP: 65/80 MP: 10/10
 10085 | D:8      | Found a sparkling altar of Nemelex Xobeh.
 10206 | D:8      | Noticed Psyche
 10237 | D:8      | Killed Psyche
 10304 | D:8      | Noticed a gargoyle
 10444 | D:7      | Reached skill level 7 in Shields
 11019 | D:8      | Killed a gargoyle
 11112 | D:8      | Noticed a seven-headed hydra
 11741 | D:8      | Found a bloodstained altar of Trog.
 11835 | D:9      | Found Lerchozok's Food Boutique.
 12033 | D:9      | Killed an unseen horror
 12033 | D:9      | Reached skill level 5 in Polearms
 12198 | D:8      | Reached XP level 11. HP: 82/87 MP: 11/11
 12807 | D:10     | Entered Level 10 of the Dungeon
 13072 | D:10     | Found a staircase to the Lair.
 13322 | D:10     | Found a shadowy altar of Dithmenos.
 13461 | D:10     | Noticed Sonja
 13496 | D:10     | Reached skill level 8 in Shields
 13943 | Lair:1   | Entered Level 1 of the Lair of Beasts
 14472 | Lair:1   | Reached skill level 5 in Dodging
 14601 | Lair:1   | Found a bloodstained altar of Trog.
 14875 | Lair:1   | Noticed an eight-headed hydra
 14900 | Lair:1   | Killed an eight-headed hydra
 15485 | Lair:1   | Reached skill level 10 in Fighting
 16134 | D:11     | Found a staircase to the Orcish Mines.
 16290 | D:11     | Reached XP level 12. HP: 97/97 MP: 12/12
 16421 | D:11     | Reached skill level 9 in Shields
 16811 | D:11     | Found a bloodstained altar of Trog.
 16843 | D:11     | Noticed a six-headed hydra
 16862 | D:11     | Killed a six-headed hydra
 17465 | D:12     | Found a flagged portal.
 17493 | Bailey   | Entered a bailey
 18958 | Lair:1   | Bought a glowing cloak for 378 gold pieces
 18963 | Lair:1   | Bought a pitted ring mail for 324 gold pieces
 18963 | Lair:1   | Bought a polished ring mail for 324 gold pieces
 18973 | Lair:1   | Identified the cursed +1 ring mail "Nucois" {rN+ MR+ rCorr Int+3} (You bought it in a shop on level 1 of the Lair of Beasts)
 18984 | Lair:1   | Identified the cursed +0 ring mail "Kotras" {*Contam rPois rN+} (You bought it in a shop on level 1 of the Lair of Beasts)
 19260 | Lair:2   | Found a staircase to the Shoals.
 19559 | Lair:2   | Noticed a four-headed hydra
 19596 | Lair:2   | Killed a four-headed hydra
 19823 | Lair:2   | Reached skill level 10 in Armour
 20382 | Lair:3   | Noticed Fannar
 20384 | Lair:3   | Got a steaming morningstar
 20493 | Lair:3   | Noticed a death yak
 20553 | Lair:3   | Killed a death yak
 20667 | Lair:3   | Noticed a death yak
 20667 | Lair:3   | Noticed a death yak
 20750 | Lair:4   | Found a labyrinth entrance.
 20776 | Lab      | Entered a labyrinth
 21253 | Lab      | Noticed a minotaur
 21264 | Lab      | Got a fine bone ring
 21267 | Lair:4   | Identified the ring of Secrets {rCorr rF- MR- Str+6 SInv} (You found it in a labyrinth)
 21383 | Lair:4   | Found a snail-covered altar of Cheibriados.
 21610 | Lair:4   | Found a staircase to the Snake Pit.
 21682 | Lair:4   | Noticed a four-headed hydra
 21762 | Lair:4   | Noticed a six-headed hydra
 22014 | Lair:3   | Killed Fannar
 22213 | Lair:3   | Gained mutation: You are in touch with the powers of death. [Mummy growth]
 22213 | Lair:3   | Reached XP level 13. HP: 103/106 MP: 13/13
 22265 | Lair:3   | Noticed Urug
 25277 | Lair:3   | Killed Urug
 25277 | Lair:3   | Reached skill level 10 in Shields
 25446 | Lair:3   | Reached skill level 1 in Spellcasting
 26358 | Lair:5   | Noticed Josephine
 26370 | Lair:5   | Found a staircase to the Slime Pits.
 26370 | Lair:5   | Found a viscous altar of Jiyva.
 27174 | Lair:4   | Killed Josephine
 27736 | Orc:1    | Entered Level 1 of the Orcish Mines
 27738 | Orc:1    | Found Muojaeg's Antique Armour Shoppe.
 28012 | Orc:1    | Found Mackus's Jewellery Emporium.
 28095 | Orc:1    | Found Nageti's Armour Emporium.
 28406 | Orc:1    | Found Zochuhe's Armour Shoppe.
 28554 | Orc:2    | Entered Level 2 of the Orcish Mines
 28736 | Orc:2    | Found a roughly hewn altar of Beogh.
 29058 | Orc:2    | Found a staircase to the Elven Halls.
 29181 | Orc:2    | Found a roughly hewn altar of Beogh.
 29280 | Orc:2    | Found Tanaih's Jewellery Shoppe.
 29432 | Orc:2    | Found a roughly hewn altar of Beogh.
 29699 | Orc:2    | Found a roughly hewn altar of Beogh.
 29742 | Orc:2    | Found Corphyre's Gadget Boutique.
 29839 | Orc:2    | Found a roughly hewn altar of Beogh.
 29983 | Orc:2    | Found a roughly hewn altar of Beogh.
 30182 | Orc:2    | Got an ichor-stained robe
 30655 | Orc:2    | Reached XP level 14. HP: 115/115 MP: 19/19
 30932 | Orc:2    | Learned a level 3 spell: Spectral Weapon
 31005 | Orc:2    | Noticed an orc warlord
 31110 | Orc:1    | Bought the +2 hat of the Bear Spirit {Spirit, +Rage rN+ MR++} for 1212 gold pieces
 31462 | Orc:1    | Bought the ring "Japsucuc" {rElec Slay+2 Stlth+} for 518 gold pieces
 32552 | D:13     | Reached skill level 1 in Hexes
 32556 | D:13     | Noticed Kirke
 32645 | D:13     | Reached skill level 1 in Charms
 33065 | D:13     | Noticed a sphinx
 33069 | D:13     | Killed Kirke
 33201 | D:13     | Found a gate to the Vaults.
 33659 | D:13     | Found Ryupn's Antique Weapon Emporium.
 33933 | Lair:1   | Identified the +1 robe of a Thousand Ghosts {rC+ Dex+5 Slay-5} (You found it on level 2 of the Orcish Mines)
 34684 | Lair:5   | Reached skill level 11 in Shields
 35471 | Lair:5   | Found a runed door.
 36139 | Lair:5   | Reached skill level 5 in Hexes
 36162 | Lair:5   | Reached XP level 15. HP: 68/120 MP: 8/21
 36638 | Lair:6   | Entered Level 6 of the Lair of Beasts
 36769 | Lair:6   | Reached skill level 5 in Charms
 39468 | Lair:6   | Reached skill level 5 in Spellcasting
 39954 | Lair:1   | Bought a spiked helmet for 218 gold pieces
 39954 | Lair:1   | Bought a heavily runed leather armour for 161 gold pieces
 39954 | Lair:1   | Bought a pair of spiked boots for 218 gold pieces
 39970 | Lair:1   | Identified the -4 helmet "Ettilesheu" {*Contam +Inv +Fly Slay+3} (You bought it in a shop on level 1 of the Lair of Beasts)
 39990 | Lair:1   | Identified the cursed +0 pair of boots of Trog's Fury {Str-3 Int+7 SInv} (You bought it in a shop on level 1 of the Lair of Beasts)
 40000 | Lair:1   | Identified the cursed +0 leather armour "Jeublec" {rElec rPois MR+ Dex-2} (You bought it in a shop on level 1 of the Lair of Beasts)
 40324 | Orc:2    | Killed an orc warlord
 40361 | Orc:2    | Found Bomulot's Antique Armour Shoppe.
 40361 | Orc:2    | Found a roughly hewn altar of Beogh.
 40362 | Orc:2    | Found Laututzo's Antique Weapon Emporium.
 40369 | Orc:2    | Bought a pair of embroidered boots for 210 gold pieces
 40583 | Shoals:1 | Entered Level 1 of the Shoals
 40583 | Shoals:1 | Noticed Nikola
 40632 | Snake:1  | Entered Level 1 of the Snake Pit
 40785 | Snake:1  | Noticed Aizul
 40945 | Snake:1  | Found a frozen archway.
 40961 | IceCv    | Entered an ice cave
 41675 | IceCv    | Reached XP level 16. HP: 129/129 MP: 19/23
 42265 | IceCv    | Noticed an Ice Fiend
 42374 | IceCv    | Noticed Zebulonius's ghost (journeyman MiBe)
 42703 | IceCv    | Killed an Ice Fiend
 42703 | IceCv    | Reached skill level 12 in Shields
 43167 | Snake:1  | Killed Aizul
 45289 | Snake:4  | Entered Level 4 of the Snake Pit
 46726 | Snake:4  | Noticed Iwannabefree's ghost (adept HESk)
 46765 | Snake:4  | Killed Iwannabefree's ghost
 47164 | Snake:4  | Reached XP level 17. HP: 109/137 MP: 19/24
 48871 | Snake:4  | Reached skill level 13 in Shields
 50254 | Snake:4  | Reached skill level 10 in Dodging
 50414 | Snake:4  | Got a serpentine rune of Zot
 50765 | Lair:1   | Learned a level 4 spell: Summon Lightning Spire
 51172 | Shoals:1 | Killed Nikola
 51172 | Shoals:1 | Reached skill level 1 in Air Magic
 51220 | Shoals:1 | Noticed a kraken
 51249 | Shoals:1 | Killed a kraken
 51355 | Shoals:1 | Reached skill level 1 in Summonings
 51798 | Shoals:1 | Reached XP level 18. HP: 147/147 MP: 25/28
 52218 | Shoals:2 | Reached skill level 10 in Polearms
 53803 | Shoals:3 | Found a hide-covered altar of Uskayaw.
 53886 | Shoals:3 | Got a shimmering scale mail
 53891 | Shoals:3 | Identified the +2 scale mail "Higeetyb" {MR+ Dex+2} (You found it on level 3 of the Shoals)
 54686 | Shoals:4 | Entered Level 4 of the Shoals
 54762 | Shoals:4 | Found a sacrificial altar of Ru.
 55367 | Shoals:4 | Noticed Ilsuiw
 55449 | Shoals:4 | Killed Ilsuiw
 56820 | Shoals:4 | Reached skill level 15 in Fighting
 56903 | Shoals:4 | Got a barnacled rune of Zot
 57255 | Lair:1   | Bought a +2 pair of boots of running for 664 gold pieces
 57373 | Vaults:1 | Entered Level 1 of the Vaults
 57452 | Vaults:1 | Reached XP level 19. HP: 139/155 MP: 23/31
 57840 | Vaults:1 | Reached skill level 14 in Shields
 58154 | Vaults:1 | Reached skill level 5 in Summonings
 58160 | Vaults:1 | Reached skill level 5 in Air Magic
 58473 | Vaults:1 | Noticed Milesaru's ghost (adept MiFi)
 60027 | Vaults:2 | Noticed Mennas
 60337 | Vaults:2 | Noticed Margery
 61251 | Vaults:2 | Killed Margery
 61637 | Vaults:2 | Reached XP level 20. HP: 162/162 MP: 29/32
 61883 | Vaults:3 | Noticed Xtahua
 62227 | Vaults:3 | Reached skill level 15 in Shields
 63810 | Elf:1    | Entered Level 1 of the Elven Halls
 64058 | Elf:1    | Noticed Frances
 64069 | Elf:1    | Killed Frances
 64266 | Elf:1    | Identified Vehumet's Compendium of the Land of Plenty
 64448 | Elf:1    | Found a magical portal.
 64497 | WizLab   | Entered Zonguldrok's Shrine
 65053 | WizLab   | Noticed an antique lich
 65062 | WizLab   | Killed an antique lich
 65093 | WizLab   | Identified Efosch's Papyrus of Unstable Confrontation
 65146 | WizLab   | Learned a level 5 spell: Summon Mana Viper
 65152 | WizLab   | Learned a level 5 spell: Aura of Abjuration
 65159 | WizLab   | Learned a level 6 spell: Shadow Creatures
 65632 | Elf:2    | Found Goostrem's Antique Armour Shop.
 66083 | Elf:2    | Found a runed gate.
 66083 | Elf:2    | Found a runed gate.
 66083 | Elf:2    | Found a runed gate.
 66807 | Elf:2    | Reached XP level 21. HP: 165/168 MP: 21/33
 66992 | Elf:2    | Noticed Scuka's ghost (adept CeHu)
 67013 | Elf:2    | Killed Scuka's ghost
 67558 | Elf:3    | Entered Level 3 of the Elven Halls
 67679 | Elf:3    | Reached skill level 16 in Shields
 67687 | Elf:3    | Reached skill level 10 in Summonings
 67759 | Elf:3    | Noticed Jorgrun
 68124 | Elf:3    | Killed Jorgrun
 68666 | Elf:3    | Killed from afar by a deep elf sorcerer

Skill      XL: |  1  2  3  4  5  6  7  8  9 10 11 12 13 14 15 16 17 18 19 20 21 |
---------------+----------------------------------------------------------------+-----
Armour         | 3 4 5 6 7 9 11 13 14 | 14.0
Polearms       | 2 3 4 5 6 7 8 9 10 12 13 | 13.8
Shields        | 3 4 5 6 7 8 9 10 11 12 13 14 15 16 | 16.0
Fighting       | 4 5 6 7 8 10 11 12 13 14 15 | 15.2
Dodging        | 1 2 3 4 5 6 7 9 10 | 10.0
Spellcasting   | 3 4 5 6 8 |  8.0
Hexes          | 5 7 8 |  8.0
Charms         | 4 6 7 8 |  8.0
Air Magic      | 1 4 5 |  5.0
Summonings     | 1 4 7 9 10 | 10.3

Action                   |  1- 3 |  4- 6 |  7- 9 | 10-12 | 13-15 | 16-18 | 19-21 || total
-------------------------+-------+-------+-------+-------+-------+-------+-------++-------
Melee: Trident           |   233 |   286 |   946 |   511 |  3040 |       |       ||  5016
       Spear             |       |       |       |  2200 |       |       |       ||  2200
       Demon trident     |       |       |       |       |   208 |  2075 |  1874 ||  4157
 Cast: Spectral Weapon   |       |       |       |       |    42 |   209 |   110 ||   361
       Summon Lightning  |       |       |       |       |       |       |    30 ||    30
       Summon Mana Viper |       |       |       |       |       |       |    16 ||    16
       Aura of Abjuratio |       |       |       |       |       |       |     5 ||     5
Invok: Call Merchant     |       |       |       |     2 |     2 |     2 |       ||     6
Evoke: Wand              |       |       |    17 |    38 |    40 |    14 |     7 ||   116
  Use: Scroll            |       |       |     6 |    17 |    14 |    14 |     2 ||    53
 Stab: Distracted        |       |       |     1 |     6 |    25 |    36 |    39 ||   107
       Confused          |       |       |       |     5 |     4 |       |       ||     9
       Sleeping          |       |       |       |     2 |    18 |     9 |     8 ||    37
Armor: Scale mail        |    86 |    70 |    23 |       |       |       |       ||   179
       Chain mail        |       |       |   345 |   776 |       |       |       ||  1121
       Ring mail         |       |       |       |   107 |   937 |   442 |   239 ||  1725
Dodge: Dodged            |    57 |    49 |   203 |   636 |  1256 |   855 |   543 ||  3599
Block: Shield            |   100 |    87 |   414 |  1145 |  1683 |  1023 |   681 ||  5133
